 Dungeon Crawl Stone Soup version 0.29-a0-542-g075992c915 (webtiles) character file.

Game seed: 12783959897141912576

150 kyalle the Skirmisher (level 5, -6/42 HPs)
             Began as a Demonspawn Fighter on June 3, 2022.
             Mangled by Grinder (9 damage)
             ... on level 3 of the Dungeon.
             The game lasted 00:07:47 (3100 turns).

kyalle the Skirmisher (Demonspawn Fighter)          Turns: 3100, Time: 00:07:48

Health: -6/42      AC:  6    Str: 18    XL:     5   Next: 10%
Magic:  5/5        EV:  9    Int: 10    God:
Gold:   138        SH:  5    Dex: 18    Spells: 4/4 levels left

rFire   . . .      SeeInvis +   e - +0 spear (elec)
rCold   . . .      Faith    .   c - +0 buckler
rNeg    . . .      Spirit   .   b - +0 scale mail
rPois   .          Reflect  .   (no helmet)
rElec   .          Harm     .   (no cloak)
rCorr   .          Rampage  .   (no gloves)
Will    .....                   (no boots)
Stlth   ++........              (no amulet)
HPRegen 0.14/turn               g - ring of see invisible
MPRegen 0.09/turn               (no ring)

@: no status effects
A: claws 1, thin skeletal structure 2, agile 1, mutation resistance 1
a: no special abilities


You were on level 3 of the Dungeon.
You visited 1 branch of the dungeon, and saw 3 of its levels.

You collected 138 gold pieces.

Inventory:

Hand Weapons
 a - a +0 flail
 e - a +0 spear of electrocution (weapon)
Armour
 b - a +0 scale mail (worn)
 c - a +0 buckler (worn)
Jewellery
 g - a ring of see invisible (left claw)
Scrolls
 f - a scroll of amnesia
 h - a scroll of enchant weapon {unknown}
Potions
 d - a potion of might
 i - a potion of lignification {unknown}
 j - a potion of curing
 l - a potion of degeneration {unknown}
 m - 2 potions of brilliance {unknown}
 n - 2 potions of invisibility
 o - a potion of heal wounds {unknown}
 r - a potion of flight {unknown}


   Skills:
 * Level 4.2 Fighting
 - Level 2.4 Maces & Flails
 * Level 1.5 Polearms
 + Level 3.2 Armour
 + Level 3.2 Shields


You had 4 spell levels left.
You didn't know any spells.
Your spell library contained the following spells:

 Spells                   Type           Power      Damage    Failure   Level
 Ozocubu's Armour         Ice            0%         N/A       99%         3
 Ozocubu's Refrigeration  Ice            0%         4d5       100%        7


Dungeon Overview and Level Annotations

Branches:
Dungeon (3/15)

Altars:
Zin

Annotations:
D:3 Grinder


Innate Abilities, Weirdness & Mutations

You have sharp fingernails.
You have a moderately thin skeletal structure. (Dex +4, Stealth++)
You are agile. (Dex +2)
You are somewhat resistant to further mutation.


Message History

You block Grinder's attack.
You hit Grinder.
Grinder is moderately wounded.
Grinder barely misses you.
You hit Grinder.
Grinder is moderately wounded.
You block Grinder's attack.
You barely miss Grinder.
Grinder is moderately wounded.
Grinder gestures at you.
You suddenly lose the ability to move!
Grinder gestures at you.
You barely resist.
Grinder blinks!
You can move again.
Grinder attacks as you move away! Grinder hits you but does no damage.
Grinder gestures at you. Pain shoots through your body!
* * * LOW HITPOINT WARNING * * *
Grinder blinks!
You hit Grinder.
Grinder is moderately wounded.
You block Grinder's attack.
You barely miss Grinder.
Grinder is moderately wounded.
Grinder gestures at you. You resist with significant effort.
You hit Grinder but do no damage.
Grinder is moderately wounded.
Grinder says, "I used to sell toenails on the black market."
Grinder hits you!
* * * LOW HITPOINT WARNING * * *
You hit Grinder.
Grinder is heavily wounded.
Grinder gestures at you. You resist with significant effort.
You barely miss Grinder.
Grinder is heavily wounded.
Grinder hits you!
You die...

......#
#.#
#######
#.# #
#.#
######
##.#
.....#
#..#
.....#
#.##
......#
#.#
......#
#5#
.>....#
#@#
......#
#.#
......#
#.#
......
#.# .
#.# #
#.# #.#
#.# #
..#


You could see Grinder.

Vanquished Creatures
  Natasha (thrice) (D:2)
  Robin (D:2)
  2 adders
  A dart slug (D:1)
  7 endoplasms
  A giant cockroach (D:2)
  9 goblins (D:2)
  6 hobgoblins
  2 quokkas
  3 ball pythons
  A bat (D:1)
  A frilled lizard (D:1)
  3 kobolds
  5 rats (D:1)
45 creatures vanquished.

Notes
Turn   | Place    | Note
-------+----------+-------------------------------------------
     0 | D:1      | kyalle the Demonspawn Fighter began the quest for the Orb.
     0 | D:1      | Reached XP level 1. HP: 18/18 MP: 1/1
   167 | D:1      | Gained mutation: You have a somewhat thin skeletal
                  | structure. (Dex +2, Stealth+) [demonic ancestry]
   167 | D:1      | Reached XP level 2. HP: 15/24 MP: 2/2
  1348 | D:2      | Noticed Robin
  1369 | D:2      | Gained mutation: You have sharp fingernails. [demonic
                  | ancestry]
  1369 | D:2      | Reached XP level 3. HP: 26/29 MP: 3/3
  1379 | D:2      | Killed Robin
  1847 | D:2      | Noticed Natasha
  1857 | D:2      | Killed Natasha
  1858 | D:2      | Gained mutation: You have a moderately thin skeletal
                  | structure. (Dex +4, Stealth++) [demonic ancestry]
  1858 | D:2      | Reached XP level 4. HP: 21/37 MP: 4/4
  2013 | D:2      | Noticed Natasha
  2019 | D:2      | Killed Natasha
  2020 | D:2      | Reached skill level 4 in Fighting
  2020 | D:2      | Reached skill level 1 in Polearms
  2454 | D:2      | Noticed Natasha
  2470 | D:2      | Killed Natasha
  2611 | D:2      | Gained mutation: You have large cloven feet. [potion of
                  | mutation]
  2611 | D:2      | Gained mutation: You occasionally shout uncontrollably at
                  | your foes. [potion of mutation]
  2612 | D:2      | Lost mutation: You have large cloven feet. [potion of
                  | mutation]
  2612 | D:2      | Lost mutation: You occasionally shout uncontrollably at
                  | your foes. [potion of mutation]
  2612 | D:2      | Gained mutation: You are agile. (Dex +2) [potion of
                  | mutation]
  2612 | D:2      | Gained mutation: You are somewhat resistant to further
                  | mutation. [potion of mutation]
  2622 | D:3      | Reached XP level 5. HP: 37/42 MP: 5/5
  3067 | D:3      | Noticed Grinder
  3086 | D:3      | Paralysed by Grinder for 3 turns
  3098 | D:3      | HP: 2/42 [Grinder (8)]
  3100 | D:3      | Mangled by Grinder

Illustrated notes

Levels and vault maps discovered:
D:1:      minmay_arrival_shattered_statue, layout_basic,
          hangedman_abyss_or_decor_stabs
D:2:      layout_loops_corners, uniq_natasha, uniq_robin
D:3:      wander_river, layout_basic, mainiacjoe_overflow_chevrons,
          uniq_sigmund, uniq_grinder

Skill      XL: |  1  2  3  4 |
---------------+-------------+-----
Maces & Flails | 2 |  2.4
Shields        | 3 |  3.2
Armour         | 3 |  3.2
Fighting       | 4 |  4.2
Polearms       | 1 |  1.5

Action                   |  1- 3 |  4- 6 || total
-------------------------+-------+-------++-------
Melee: Flail             |    78 |       ||    78
       Spear             |    21 |    47 ||    68
  Use: Potion            |     1 |     2 ||     3
       Scroll            |       |     6 ||     6
 Stab: Sleeping          |     1 |     1 ||     2
Armor: Scale mail        |    46 |    17 ||    63
Dodge: Dodged            |    39 |     8 ||    47
Block: Buckler           |    23 |     6 ||    29

Table legend: (Time is in decaauts)
 A = Elapsed time spent in this place.
 B = Non-inter-level travel time spent in this place.
 C = Inter-level travel time spent in this place.
 D = Time resting spent in this place.
 E = Time spent auto-exploring this place.
 F = Levels seen in this place.
 G = Mean time per level.
                   A        B        C        D        E       F      G
               +--------+--------+--------+--------+--------+-----+--------+
         Total |   3139 |   3008 |    131 |      0 |   2477 |   3 | 1046.3 |
       Dungeon |   3139 |   3008 |    131 |      0 |   2477 |   3 | 1046.3 |
               +--------+--------+--------+--------+--------+-----+--------+

Top non-repeatable levels by time:
     D:2: 1558 daAuts
     D:1: 1079 daAuts
     D:3: 502 daAuts
